 Dungeon Crawl Stone Soup version 0.22.1-2-g9c5b331383 (webtiles) character file.

65 Ramireus the Insei (level 4, 0/21 HPs)
             Began as a Vine Stalker Transmuter on Nov 14, 2018.
             Slain by an orc wizard
             ... wielding a +1 dagger of electrocution
              (16 damage)
             ... on level 3 of the Dungeon.
             The game lasted 00:15:48 (2602 turns).

Ramireus the Insei (Vine Stalker Transmuter)        Turns: 2602, Time: 00:15:49

Health: 0/21       AC:  2    Str: 12    XL:     4   Next: 13%
Magic:  0/9        EV: 12    Int: 13    God:
Gold:   83         SH:  0    Dex: 16    Spells: 5/8 levels left

rFire    . . .     SeeInvis .     - Unarmed
rCold    . . .     Gourm    .   (no shield)
rNeg     . . .     Faith    .   b - +0 robe
rPois    .         Spirit   +   (no helmet)
rElec    .         Reflect  .   (no cloak)
rCorr    .         Harm     .   (no gloves)
MR       .....                  (no boots)
Stlth    +.........             (no amulet)
HPRegen  0.47/turn              (no ring)
MPRegen  0.11/turn              (no ring)

@: no status effects
A: fangs 2, regeneration 1, magic shield, antimagic bite, no potion heal 3, rot
immunity
a: no special abilities


You were on level 3 of the Dungeon.
You were not hungry.

You visited 1 branch of the dungeon, and saw 3 of its levels.

You collected 83 gold pieces.

Inventory:

Missiles
 a - 17 arrows
Armour
 b - a +0 robe (worn)
Scrolls
 e - 8 scrolls of identify {unknown}
 g - 3 scrolls of teleportation {unknown}
 i - a scroll of amnesia {unknown}
 j - 3 scrolls of enchant weapon {unknown}
Potions
 c - a potion of heal wounds {unknown}
 f - a potion of lignification {unknown}
 h - a potion of invisibility {unknown}
 k - 2 potions of curing {unknown}
 l - a potion of resistance {unknown}
 n - a potion of flight {unknown}
Comestibles
 d - a ration
 m - a chunk of flesh


   Skills:
 + Level 0.9 Fighting
 + Level 1.6 Dodging
 * Level 3.7 Unarmed Combat
 + Level 2.8 Spellcasting
 * Level 3.0 Transmutations


You had 5 spell levels left.
You knew the following spells:

 Your Spells              Type           Power        Failure   Level  Hunger
a - Beastly Appendage     Tmut           #.....       7%          1    #......
b - Sticks to Snakes      Tmut           #.......     10%         2    ###....

Your spell library contained the following spells:

 Spells                   Type           Power        Failure   Level  Hunger
 Spider Form              Tmut/Pois      #.........   36%         3    ###....
 Ice Form                 Ice/Tmut       #.......     77%         4    #####..
 Blade Hands              Tmut           #.........   88%         5    ######.


Dungeon Overview and Level Annotations

Branches:
Dungeon (3/15)

Altars:
Okawaru


Innate Abilities, Weirdness & Mutations

You have extremely sharp teeth.
Your natural rate of healing is unusually fast.
When hurt, damage is shared between your health and your magic reserves.
Your bite disrupts and absorbs the magic of your enemies.
Potions cannot restore your health.
You are immune to rotting.


Message History

Your ball python bites the orc but does no damage.
Your ball python constricts the orc.
The orc barely misses your ball python.
Your ball python bites the orc.
Your ball python constricts the orc.
The orc wizard mumbles some strange words.
The orc wizard seems to speed up.
The orc hits your ball python with a flail!
Your ball python dies!
The orc wizard casts a spell.
The orc wizard blinks!
You hit the orc wizard. Your bite misses the orc wizard.
The orc wizard is lightly wounded.
The orc wizard hits you with a dagger of electrocution.
The orc wizard mumbles some strange words.
The orc wizard blinks!
The orc wizard gestures wildly while chanting.
The orc wizard blinks!
The orc wizard hits you with a dagger of electrocution.
You are electrocuted!
Ouch! That really hurt!
You die...

#....'....._ #...
###############.# #...
#...o...o.......# #...
#.#############.# #...
#.....######..([##### #...
#####......#........###
#####... ######..o.##).###.#
..>#..#
#..##...o.##..##.#..##.#
............@†....# #.##.##..
.....>.....##.....###.##.###.
#..........##.##......##.....
#............(..#..##........
#..........##(#<......#......
#..........#.(#######.##.....
#####..........#.##
##.##<#.## #.....#
###.....######.......##
#.....# #............########


You could see an orc wizard and an orc.

Vanquished Creatures
  An ooze (D:3)
  2 worms (D:2)
  A dart slug (D:2)
  5 bats
  3 giant cockroaches
  7 goblins
  6 hobgoblins
  2 jackals (D:1)
  A quokka (D:2)
  4 frilled lizards
  9 kobolds
  11 rats
52 creatures vanquished.

Vanquished Creatures (collateral kills)
  A jackal (D:1)
1 creature vanquished.

Grand Total: 53 creatures vanquished

Notes
Turn   | Place    | Note
-------+----------+-------------------------------------------
     0 | D:1      | Ramireus the Vine Stalker Transmuter began the quest for
                  | the Orb.
     0 | D:1      | Reached XP level 1. HP: 9/9 MP: 4/4
   168 | D:1      | Reached XP level 2. HP: 10/14 MP: 6/6
   174 | D:1      | Learned a level 2 spell: Sticks to Snakes
  1404 | D:2      | Reached XP level 3. HP: 12/17 MP: 5/7
  2344 | D:3      | Gained mutation: Your natural rate of healing is unusually
                  | fast. [Vine Stalker growth]
  2344 | D:3      | Reached XP level 4. HP: 17/21 MP: 7/9
  2526 | D:3      | Found an iron altar of Okawaru.
  2602 | D:3      | Slain by an orc wizard

Skill      XL: |  1  2  3  4 |
---------------+-------------+-----
Transmutations | 3 |  3.0
Fighting       | |  0.9
Dodging        | |  1.6
Unarmed Combat | |  3.7
Spellcasting   | |  2.8

Action                   |  1- 3 |  4- 6 || total
-------------------------+-------+-------++-------
Melee: Unarmed           |   140 |    16 ||   156
       Bite              |    31 |     4 ||    35
       Kick              |    15 |     1 ||    16
       Headbutt          |     6 |     1 ||     7
       Punch             |     2 |       ||     2
 Cast: Beastly Appendage |    36 |     4 ||    40
       Sticks to Snakes  |     1 |     3 ||     4
 Stab: Sleeping          |     1 |       ||     1
  Eat: Chunk             |     5 |     1 ||     6
Armor: Robe              |    16 |     1 ||    17
Dodge: Dodged            |    85 |    11 ||    96
